 Dungeon Crawl Stone Soup version 0.20-a0-492-g6327889 (webtiles) character file.

11642 nikopol the Fighter (level 11, 0/72 HPs)
             Began as a Gargoyle Berserker on Jan 15, 2017.
             Was a High Priest of Trog.
             Slain by a seven-headed hydra (8 damage)
             ... on level 10 of the Dungeon.
             The game lasted 00:34:42 (11740 turns).

nikopol the Fighter (Gargoyle Berserker)           Turns: 11740, Time: 00:34:43

Health: 0/72       AC: 18    Str: 21    XL:     11   Next: 80%
Magic:  11/11      EV: 11    Int:  8    God:    Trog [*****.]
Gold:   546        SH:  0    Dex: 12    Spells: 10/10 levels left

rFire    . . .     SeeInvis .   z - +6 longbow
rCold    . . .     Gourm    .   E - +0 chain mail
rNeg     + . .     Faith    .   (shield currently unavailable)
rPois    ∞         Spirit   .   (no helmet)
rElec    +         Reflect  .   (no cloak)
rCorr    .         Harm     .   (no gloves)
MR       +....     Rnd*Tele +   (no boots)
Stlth    ..........             (no amulet)
Regen    0.2/turn               A - ring of protection from magic
                                h - ring of teleportation (curse)

@: no status effects
A: negative energy resistance 1, electricity resistance, unbreathing,
petrification resistance, rot immunity, AC +7
a: Berserk, Trog's Hand, Brothers in Arms, Burn Spellbooks, Renounce Religion


You were on level 10 of the Dungeon.
You worshipped Trog.
Trog was extremely pleased with you.
You were not hungry.

You visited 1 branch of the dungeon, and saw 10 of its levels.
You also visited: Sewer.

You collected 546 gold pieces.

Inventory:

Hand Weapons
 a - a +5 battleaxe
 z - a +6 longbow (weapon)
Missiles
 m - 64 arrows (quivered)
Armour
 E - a +0 chain mail (worn)
Jewellery
 h - a cursed ring of teleportation (left hand)
 v - an uncursed ring of stealth {unknown}
 A - a ring of protection from magic (right hand)
Wands
 g - a wand of acid (8/15)
 k - a wand of digging (9/24)
 r - a wand of lightning (6/15)
 u - a wand of polymorph (5/24)
Scrolls
 d - 6 scrolls of teleportation
 f - a scroll of fear
 j - a scroll of magic mapping
 o - 3 scrolls of remove curse
 p - 9 scrolls of identify
 s - a scroll of enchant weapon {unknown}
 t - 3 scrolls of immolation {unknown}
 x - a scroll of random uselessness {unknown}
 y - a scroll of enchant armour {unknown}
 I - a scroll of blinking {unknown}
 J - a scroll of holy word {unknown}
Potions
 b - a potion of agility {unknown}
 e - a potion of ambrosia {unknown}
 l - a potion of haste
 q - 4 potions of curing
 w - a potion of cancellation {unknown}
 C - 2 potions of might
 D - a potion of flight
 F - 2 potions of heal wounds
Comestibles
 c - 11 bread rations
 i - 11 beef jerkies
 n - 4 meat rations
 B - a royal jelly


   Skills:
 + Level 10.2 Fighting
 * Level 9.3 Axes
 * Level 4.2 Bows
 + Level 9.7 Armour
 + Level 7.6 Dodging


You had 10 spell levels left.
You didn't know any spells.

Dungeon Overview and Level Annotations

Branches:
Dungeon (10/15)            Temple (0/1) D:5             Orc (0/2) D:9
   Lair: D:8-11

Altars:
Ashenzari
Dithmenos
Gozag
Hepliaklqana
Makhleb
Qazlal
Vehumet
Zin
The Shining One

Shops:
D:5 %


Innate Abilities, Weirdness & Mutations

You are resistant to torment.
Your stone body is resilient. (AC +7)
You are immune to poison.
You resist negative energy. (rN+)
You are resistant to electric shocks. (rElec)
You can survive without breathing.
You are immune to petrification.
You are immune to rotting.


Message History

Aim: a seven-headed hydra (lightly wounded)
You shoot an arrow. The arrow hits the seven-headed hydra!
The seven-headed hydra is moderately wounded.
The seven-headed hydra bites you but does no damage.
The seven-headed hydra closely misses you.
The seven-headed hydra bites you!
The seven-headed hydra bites you but does no damage.
The seven-headed hydra bites you! The seven-headed hydra misses you.
The seven-headed hydra bites you. x2
* * * LOW HITPOINT WARNING * * *
The seven-headed hydra bites you but does no damage.
The seven-headed hydra bites you.
* * * LOW HITPOINT WARNING * * *
The seven-headed hydra bites you.
* * * LOW HITPOINT WARNING * * *
The seven-headed hydra bites you but does no damage.
The seven-headed hydra bites you.
* * * LOW HITPOINT WARNING * * *
The seven-headed hydra bites you!
You die...

.......##....
#.............#
.......#...
#.............#
.......#
#.#####.............#
.......#
#...................#
.......#
######.#'############
.......# ....#.#.#
.......# #..#.#.#
.......# ..#.##D#.#.#
.[.....# ..#....@.#.#
.......# ..####.#...#
###..####'###......##
##)#........##.#.#
####..........##. ##
#...).........##.
#.............###
#.............#
#.............##


You could see a seven-headed hydra.

Vanquished Creatures
  4 two-headed ogres
  The ghost of wazuzu the Arsonist, a novice DrFE of Cheibriados (D:8)
  A gargoyle (D:10)
  The ghost of Potsanchik the Stinger, a novice MfVM (D:4)
  3 hippogriffs
  A wyvern (D:9)
  A hungry ghost (D:8)
  15 yaks (D:10)
  A water moccasin (D:7)
  Duvessa (D:7)
  An ice beast (D:8)
  5 phantoms
  An eye of draining (D:8)
  8 orc warriors
  10 ogres
  A gnoll sergeant (D:8)
  6 bullfrogs
  Dowan (D:7)
  4 scorpions
  5 killer bees
  A howler monkey (D:7)
  6 crimson imps
  3 hounds
  2 quasits
  2 bullfrog zombies
  9 orc priests
  2 jellies
  A centaur skeleton (D:10)
  8 orc wizards
  A bullfrog skeleton (D:8)
  8 worker ants
  4 iguanas
  A statue (D:4)
  A hound skeleton (D:4)
  A howler monkey zombie (D:8)
  6 gnolls
  14 adders
  3 shadow imps
  3 oozes (Sewer)
  2 adder skeletons
  An adder zombie (D:9)
  A worm (D:3)
  3 dart slugs
  14 leopard geckos
  44 orcs
  14 giant cockroaches
  6 goblins
  7 hobgoblins
  13 jackals
  7 kobolds
  5 quokkas
  12 ball pythons
  4 bats
  10 frilled lizards
  A jackal skeleton (D:5)
  2 quokka skeletons
  A quokka zombie (D:5)
  10 rats
304 creatures vanquished.

Notes
Turn   | Place    | Note
-------+----------+-------------------------------------------
     0 | D:1      | nikopol the Gargoyle Berserker began the quest for the Orb.
     0 | D:1      | Reached XP level 1. HP: 14/14 MP: 1/1
    88 | D:1      | Reached XP level 2. HP: 19/19 MP: 2/2
  1064 | D:2      | Reached XP level 3. HP: 19/23 MP: 3/3
  1150 | D:2      | Found a shadowy altar of Dithmenos.
  1182 | D:2      | Found a burning altar of Makhleb.
  1192 | D:2      | Reached XP level 4. HP: 28/29 MP: 4/4
  1276 | D:2      | Reached ** piety under Trog
  1360 | D:2      | Found a glowing golden altar of the Shining One.
  1404 | D:3      | Reached skill level 4 in Fighting
  1412 | D:3      | Reached XP level 5. HP: 29/33 MP: 5/5
  2112 | D:3      | Reached XP level 6. HP: 25/39 MP: 6/6
  2114 | D:3      | Reached *** piety under Trog
  2884 | D:4      | Found a radiant altar of Vehumet.
  2946 | D:4      | Reached XP level 7. HP: 44/44 MP: 7/7
  3023 | D:4      | Noticed Potsanchik's ghost (novice MfVM)
  3041 | D:4      | Killed Potsanchik's ghost
  3041 | D:4      | Reached skill level 5 in Fighting
  3234 | D:4      | Reached skill level 5 in Armour
  3707 | D:5      | Entered Level 5 of the Dungeon
  3715 | D:5      | Reached XP level 8. HP: 51/51 MP: 8/8
  3830 | D:5      | Found a shattered altar of Ashenzari.
  3856 | D:5      | Found a staircase to the Ecumenical Temple.
  4194 | D:5      | Found Lymin's Food Boutique.
  4332 | D:5      | Reached skill level 6 in Fighting
  4332 | D:5      | Reached skill level 5 in Axes
  4723 | D:6      | Found a glowing drain.
  4751 | Sewer    | Entered a sewer
  4778 | Sewer    | Reached **** piety under Trog
  5696 | D:6      | Reached skill level 7 in Fighting
  5696 | D:6      | Reached XP level 9. HP: 31/57 MP: 9/9
  5709 | D:6      | Reached skill level 5 in Dodging
  6268 | D:7      | Reached ***** piety under Trog
  6955 | D:7      | Noticed Duvessa
  6961 | D:7      | Noticed Dowan
  6964 | D:7      | Killed Duvessa
  6975 | D:7      | Killed Dowan
  7436 | D:7      | Reached skill level 8 in Fighting
  8011 | D:8      | Noticed wazuzu's ghost (novice DrFE)
  8030 | D:8      | Killed wazuzu's ghost
  8030 | D:8      | Reached XP level 10. HP: 58/65 MP: 10/10
  8278 | D:8      | Received a gift from Trog
  8747 | D:8      | Found a stormy altar of Qazlal.
  8813 | D:8      | Noticed a two-headed ogre
  8825 | D:8      | Killed a two-headed ogre
  9176 | D:8      | Noticed a two-headed ogre
  9185 | D:8      | Killed a two-headed ogre
  9185 | D:8      | Reached skill level 9 in Fighting
  9748 | D:9      | Found a hazy altar of Hepliaklqana.
  9781 | D:9      | Reached XP level 11. HP: 71/71 MP: 9/11
  9859 | D:9      | Received a gift from Trog
 10054 | D:9      | Noticed a two-headed ogre
 10056 | D:9      | Reached skill level 1 in Bows
 10068 | D:9      | Killed a two-headed ogre
 10500 | D:9      | Found a staircase to the Orcish Mines.
 10675 | D:9      | Found a glowing silver altar of Zin.
 10678 | D:9      | Found an opulent altar of Gozag.
 10843 | D:10     | Entered Level 10 of the Dungeon
 11074 | D:10     | Reached skill level 10 in Fighting
 11256 | D:10     | Noticed a two-headed ogre
 11263 | D:10     | Killed a two-headed ogre
 11737 | D:10     | Noticed a seven-headed hydra
 11740 | D:10     | Slain by a seven-headed hydra

Vault maps used:
D:1:      saegor_arrival_simple_d
D:2:      lemuel_doored_altar, makhleb_blood_cavern_becter, first_bread,
          grunt_dithmenos_smoke
D:3:      grunt_ministairs_8
D:4:      vehumet_statue
D:5:      old_standard_altar, serial_shops, nicolae_shop_behind_doors,
          serial_column_ruins, column_ruins_grid_1,
          column_ruins_columns_dead_end, column_ruins_open_tiny
D:6:      portal_sewer_entry_a
D:7:      uniq_duvessa
D:8:      grunt_qazlal_sundering, grunt_ogre_cave
D:9:      grunt_temple_overflow_gold_and_silver, david_orc_2, basic_altar
Sewer:    sewer_frog_island_02

Skill      XL: |  1  2  3  4  5  6  7  8  9 10 11 |
---------------+----------------------------------+-----
Dodging        | 2 3 4 6 7 |  7.6
Axes           | 3 4 5 7 8 9 |  9.3
Armour         | 3 4 5 6 8 9 |  9.7
Fighting       | 4 5 7 8 9 10 | 10.2
Bows           | 4 |  4.2

Action                   |  1- 3 |  4- 6 |  7- 9 | 10-12 || total
-------------------------+-------+-------+-------+-------++-------
Melee: Hand axe          |    90 |   236 |   682 |       ||  1008
       War axe           |       |       |   113 |   254 ||   367
       Battleaxe         |       |       |       |    74 ||    74
 Fire: Longbow           |       |       |       |    75 ||    75
Invok: Berserk           |     1 |     5 |     4 |     4 ||    14
       Burn Spellbooks   |       |       |       |     2 ||     2
  Use: Scroll            |       |       |    14 |       ||    14
  Eat: Chunk             |     2 |     9 |    20 |    21 ||    52
       Fruit             |       |       |     2 |       ||     2
       Royal jelly       |       |       |       |     1 ||     1
Armor: Animal skin       |    30 |       |       |       ||    30
       Ring mail         |    13 |    67 |       |       ||    80
       Scale mail        |       |    47 |   237 |       ||   284
       Chain mail        |       |       |   224 |   268 ||   492
Dodge: Dodged            |    74 |   136 |   476 |   215 ||   901
